 Dungeon Crawl Stone Soup version 0.32-a0-616-g9348d4545b (webtiles) character file.

Game seed: 17641097427287295716

171952 Tauromancer the Fetichist (level 18, -5/154 HPs)
             Began as a Coglin Artificer on Mar 3, 2024.
             Was an Initiate of Gozag.
             Killed from afar by a merfolk aquamancer (46 damage)
             ... with a torrent of water
             ... on level 4 of the Shoals on Mar 5, 2024.
             The game lasted 02:19:40 (26712 turns).

Tauromancer the Fetichist (Coglin Artificer)       Turns: 26712, Time: 02:19:42

Health: -5/154     AC: 39    Str: 32    XL:     18   Next: 2%
Magic:  18/18      EV:  9    Int: 13    God:    Gozag
Gold:   6821       SH:  0    Dex: 14    Spells: 17/17 levels left

rFire   + . .        A - +4 mace of Lememib {pain, rC+ Will++ Str+4}
rCold   + + .        N - +1 eveningstar of Pride {protect, Str+3}
rNeg    . . .        Q - +0 crystal plate armour {rC+}
rPois   +            i - +0 hat of the Equator {rPois Regen+ Str+6 Dex-3}
rElec   .            O - +2 cloak
rCorr   .            C - +0 pair of gloves {Str+3}
SInv    .            h - +1 pair of boots {Fly}
Will    +++..        (amulet unavailable) Stlth
                     (ring unavailable)
HPRegen 1.25/turn    (ring unavailable)
MPRegen 0.16/turn    (no gizmo)

%: no passive effects
@: about to teleport, gold aura, under a protective aura, flying, studying
Shields, revved
A: off-hand wielding, slow wielding, warmup strikes, no jewellery, fangs 1, fire
resistance 1, mutation resistance 1
a: Invent Gizmo, Renounce Religion, Potion Petition, Call Merchant, Bribe Branch


You were on level 4 of the Shoals.
You worshipped Gozag.
Gozag was greatly pleased with you.
You visited 4 branches of the dungeon, and saw 26 of its levels.
You also visited: Ice Cave.

You collected 11378 gold pieces.
You spent 3851 gold pieces at shops.
You paid 706 gold pieces to Gozag.

Inventory:

Hand Weapons
 r - a +3 morningstar of draining {Kanlaya}
 A - the +4 mace of Lememib (weapon) {pain, rC+ Will++ Str+4}
   (You found it on level 11 of the Dungeon)

   Str+4:     It affects your strength (+4).
   rC+:       It protects you from cold.
   Will++:    It greatly increases your willpower.
 N - the +1 eveningstar of Pride (offhand) {protect, Str+3}
   (You found it on level 4 of the Shoals)

   Str+3:     It affects your strength (+3).
Missiles
 F - 6 throwing nets (quivered)
Armour
 h - a +1 pair of boots of flying (worn)
 i - the +0 hat of the Equator (worn) {rPois Regen+ Str+6 Dex-3}
   (You acquired it on level 3 of the Dungeon)

   Str+6:     It affects your strength (+6).
   Dex-3:     It affects your dexterity (-3).
   rPois:     It protects you from poison.
   Regen+:    It increases your rate of health regeneration.
 m - a +7 crystal plate armour
 w - a scarf of invisibility
 C - a +0 pair of gloves of strength (worn)
 J - the +2 pair of slick slippers {slick, slippery, EV+4}
   (You bought it in a shop on level 13 of the Dungeon)

   Slick:     Its wearer cannot be constricted, engulfed, netted, webbed, or
   stopped by binding sigils.
   Slippery:  Its wearer slips away from damaging melee attacks, pulling the
   attacker onward.
   EV+4:      It affects your evasion (+4).
 O - a +2 cloak (worn)
 Q - a +0 crystal plate armour of cold resistance (worn)
Wands
 c - a wand of flame (29)
 d - a wand of charming (29)
 e - a wand of polymorph (5)
 p - a wand of digging (1)
 G - a wand of acid (5)
 M - a wand of iceblast (18)
Scrolls
 j - 7 scrolls of teleportation
 k - 9 scrolls of identify
 s - 3 scrolls of fear
 t - 4 scrolls of blinking
 v - 3 scrolls of butterflies
 y - 2 scrolls of revelation
 z - 2 scrolls of fog
 B - a scroll of silence
 K - 2 scrolls of torment
 L - a scroll of brand weapon
Potions
 b - 3 potions of enlightenment
 f - 3 potions of might
 g - 10 potions of ambrosia
 l - 6 potions of magic
 n - 13 potions of curing
 o - 2 potions of heal wounds
 q - 3 potions of mutation
 u - 4 potions of haste
 x - 4 potions of brilliance
 D - a potion of cancellation
 E - a potion of berserk rage
 H - a potion of invisibility
 I - 3 potions of lignification
 P - a potion of resistance
Miscellaneous
 a - a condenser vane


   Skills:
 + Level 17.0 Fighting
 - Level 0.6(10.4) Axes
 + Level 14.7 Maces & Flails
 + Level 15.8 Armour
 + Level 4.9 Dodging
 - Level 0.7 Stealth
 - Level 18.1 Evocations


You had 17 spell levels left.
You didn't know any spells.
Your spell library contained the following spells:

 Spells                   Type           Power      Damage    Failure   Level
 Apportation              Tloc           0%         N/A       98%         1
 Necrotise                Necr           0%         1d4       98%         1
 Slow                     Hex            0%         N/A       98%         1
 Sting                    Conj/Alch      0%         1d3       98%         1
 Summon Small Mammal      Summ           0%         N/A       98%         1
 Blink                    Tloc           0%         N/A       99%         2
 Jinxbite                 Hex            0%         N/A       99%         2
 Lesser Beckoning         Tloc           0%         N/A       99%         2
 Momentum Strike          Conj/Tloc      0%         3d8       99%         2
 Sublimation of Blood     Necr           0%         N/A       99%         2
 Confusing Touch          Hex            0%         N/A       100%        3
 Dazzling Flash           Conj/Hex       0%         N/A       100%        3
 Fugue of the Fallen      Necr           0%         N/A       100%        3
 Gell's Gravitas          Tloc           0%         N/A       100%        3
 Mephitic Cloud           Conj/Alch/Air  0%         N/A       100%        3
 Ozocubu's Armour         Ice            0%         N/A       100%        3
 Sigil of Binding         Hex            0%         N/A       100%        3
 Teleport Other           Tloc           0%         N/A       100%        3
 Vampiric Draining        Necr           0%         2d6       100%        3
 Ignite Poison            Fire/Alch      0%         N/A       100%        4
 Manifold Assault         Tloc           0%         N/A       100%        4
 Petrify                  Alch/Erth      0%         N/A       100%        4
 Sticky Flame             Fire/Alch      0%         2d4       100%        4
 Vhi's Electric Charge    Tloc/Air       0%         N/A       100%        4
 Alistair's Intoxication  Alch           0%         N/A       100%        5
 Arcjolt                  Conj/Air       0%         1d10      100%        5
 Curse of Agony           Necr           0%         N/A       100%        5
 Irradiate                Conj/Alch      0%         3d11      100%        5
 Silence                  Hex/Air        0%         N/A       100%        5
 Dispersal                Tloc           0%         N/A       100%        6
 Sculpt Simulacrum        Ice/Alch       0%         N/A       100%        6
 Ozocubu's Refrigeration  Ice            0%         4d7       100%        7
 Ignition                 Fire           0%         3d3       100%        8
 Maxwell's Capacitive Co  Air            0%         ∞         100%        8
 Polar Vortex             Ice            0%         N/A       100%        9


Dungeon Overview and Level Annotations

Branches:
Dungeon (15/15)            Temple (0/1) D:4            Lair (5/5) D:11
 Shoals (4/4) Lair:3        Snake (0/4) Lair:2        Slime (0/5) Lair:5
    Orc (2/2) D:9             Elf (0/3) Orc:2        Vaults (0/5) D:13
 Depths (0/4) D:15          IceCv (visited)

Altars:
Cheibriados
Dithmenos
Elyvilon
Fedhas
Gozag
Hepliaklqana
Kikubaaqudgha
Makhleb
Nemelex Xobeh
Okawaru
Qazlal
Ru
Sif Muna
Uskayaw
Wu Jian
Xom
Yredelemnul
The Shining One
Beogh

Shops:
D:9 [[   D:13 *   D:14 [   Orc:2 !?*=:**   Shoals:1 (?


Innate Abilities, Weirdness & Mutations

You can wield a second weapon in your off-hand.
It takes a long time for you to wield or remove held weapons.
Your first few attacks do less damage.
You cannot equip rings or amulets.
You have very sharp teeth.
Your flesh is heat resistant. (rF+)
You are somewhat resistant to further mutation.


Message History

You bludgeon the wind drake with the +1 eveningstar of Pride!!
You kill the wind drake!
The merfolk javelineer throws a javelin.
The javelin pierces through you!
The merfolk javelineer hits you but does no damage.
The wind drake bites your merfolk impaler.
Your merfolk impaler hits the wind drake with a +2 trident of protection!
The merfolk closely misses you.
As you read the scroll of teleportation, it crumbles to dust.
You feel strangely unstable.
Your merfolk impaler hits the wind drake with a +2 trident of protection!!
The wind drake dies!
The merfolk javelineer throws a silver javelin.
The silver javelin pierces through you but does no damage.
The silver sears you!
The merfolk javelineer throws a javelin.
The javelin pierces through you!
The javelin misses the merfolk aquamancer.
The merfolk aquamancer hits you but does no damage.
The merfolk completely misses you.
Your merfolk impaler closely misses the merfolk javelineer.
The manticore is distracted by your dazzling golden aura.
The merfolk aquamancer hits you but does no damage.
Something hits the merfolk javelineer!
The merfolk javelineer closely misses you.
The merfolk hits you from afar with a +0 trident.
* * * LOW HITPOINT WARNING * * *
The merfolk aquamancer hits you with a +0 rapier of speed.
* * * LOW HITPOINT WARNING * * *
The manticore is distracted by your dazzling golden aura.
Something hits the merfolk javelineer!!
You see here 7 gold pieces.
The merfolk javelineer throws a silver javelin.
The silver javelin pierces through you but does no damage.
The silver sears you!
* * * LOW HITPOINT WARNING * * *
The merfolk aquamancer points at you and mumbles some strange words.
The torrent of water hits you!!!
You die...
Your body crumbles into a pile of gold.

≈≈≈≈≈≈≈≈≈~...........[...........
≈≈≈≈≈≈≈≈~~..#####..........[.....
≈≈≈≈≈≈≈≈~~~##...##...............
≈≈≈#####~~~#.....#........)......
≈≈##~~~##~~#..φ$.#.......#.......
~~#~~~~.#~.#~HHm$#..<...#.#.....#
~.#~~~).'..##mm.##.....#...#.....
..#~~~~)#...##m##......~#~#(.....
..##~~~##....~~$@.....~~~#~~~....
..~#####~....~m~.....~~~~~~~~....
.~~≈≈≈~~~...........~~~~~~~~~~~..
~.P≈≈≈≈~~~.........~~~~~~~~~~~~~.
...~≈≈≈~~~~........~~~~~~~~~~~~..
....≈≈P~~~~.........#####~~~~~...
..#....~≈≈~~.......##,,,##~~~~...
..##...≈≈≈≈~..~....#,,,,,*~,,,,,,
..###..~~~~.......~#,,,,,+,,,,,,,


You could see 2 merfolk javelineers and a merfolk aquamancer.

Vanquished Creatures
  A shard shrike (IceCv)
  Rupert (Orc:2)
  Frances (D:14)
  3 orc warlords (Orc:1)
  A stone giant (D:13)
  A white draconian (IceCv)
  A fire dragon (D:10)
  3 merfolk impalers
  2 vault guards (D:13)
  2 ice dragons
  A sphinx zombie (D:15)
  Harold (Lair:1)
  7 hydras
  An ironbound frostheart (IceCv)
  An ogre mage (D:15)
  5 centaur warriors
  2 merfolk aquamancers
  2 merfolk avatars (Shoals:3)
  Erica (D:8)
  5 boulder beetles
  10 two-headed ogres
  A satyr (Shoals:3)
  An occultist (D:15)
  A death knight (D:13)
  9 death yaks
  The ghost of zenocrate the Grappler, a novice DrSh (D:8)
  2 tengu warriors
  Nergalle (Lair:1)
  Sonja (Lair:3)
  5 orc high priests (Orc:2)
  3 skysharks
  A deep elf knight (D:13)
  4 sea snakes
  A flayed ghost (D:15)
  3 skeletal warriors
  An arcanist (D:13)
  An orange crystal statue (IceCv)
  6 orc knights
  7 harpies
  3 necromancers
  2 lindwurms (Lair:5)
  2 wolf spiders (Lair:5)
  7 cyclopes
  Maurice (Orc:2)
  21 ugly things
  3 orc sorcerers
  12 elephants
  2 fauns (Shoals:3)
  9 meliai
  14 manticores
  A meliai (shapeshifter) (D:13)
  12 black mambas
  2 kobold blastminers (Orc:2)
  8 merfolk sirens
  A guardian serpent (Lair:5)
  20 cane toads
  10 water nymphs
  7 torpor snails
  2 orange demons (Orc:1)
  An efreet (D:15)
  2 unseen horrors
  3 freezing wraiths (D:14)
  26 rime drakes
  A spectral unseen horror (D:8)
  4 kobold demonologists
  6 komodo dragons
  A yaktaur (D:13)
  Jeremiah (Lair:1)
  3 harpy zombies (D:11)
  A queen bee (D:13)
  3 tyrant leeches (Lair:5)
  A wind drake (shapeshifter) (D:13)
  5 trolls
  9 hornets (Lair:5)
  A wind drake (Shoals:4)
  21 merfolk
  18 polar bears
  5 blink frogs (Lair:5)
  7 dream sheep
  A raiju (shapeshifter) (D:15)
  A spriggan zombie (D:15)
  A meliai zombie (D:11)
  2 snapping turtles
  A small abomination (D:11)
  3 shadows
  2 vampires
  51 yaks
  3 water elementals
  23 wyverns
  18 humans (D:13)
  An unseen horror simulacrum (D:8)
  A spriggan skeleton (D:15)
  4 wraiths
  6 wargs
  2 steam dragons
  16 basilisks
  A redback (Lair:5)
  Menkaure (D:4)
  20 water moccasins
  A two-headed ogre zombie (D:11)
  2 acid dragons (D:13)
  An ice beast (D:8)
  46 orc warriors
  2 sky beasts
  2 black bears
  18 ogres
  10 wolves
  9 centaurs
  A phantom (D:5)
  7 kobold brigands
  12 bullfrogs
  3 gnoll sergeants
  7 scorpions
  13 wights
  33 killer bees
  7 howler monkeys
  2 wolf zombies (D:11)
  2 bombardier beetles
  5 centaur zombies
  4 hounds
  4 jellies
  4 gnoll boudas
  27 orc priests
  4 iguanas
  A sleepcap (D:6)
  13 orc wizards
  8 hell rats (Lair:4)
  3 killer bee zombies (D:11)
  A howler monkey zombie (D:8)
  13 gnolls
  6 adders
  5 shadow imps
  2 white imps
  A dart slug (D:1)
  83 orcs
  9 endoplasms
  4 giant cockroaches
  5 goblins
  8 hobgoblins
  2 jackals (D:2)
  5 quokkas
  5 ball pythons
  A bat (D:1)
  7 frilled lizards (D:1)
  26 kobolds
  6 rats
957 creatures vanquished.

Vanquished Creatures (collateral kills)
  A merfolk aquamancer (Shoals:4)
  A two-headed ogre (D:15)
  A manticore (Shoals:4)
  A wind drake (Shoals:4)
  2 orc warriors (Orc:1)
  An ogre (D:15)
  An orc wizard (Orc:1)
  5 orcs (Orc:1)
13 creatures vanquished.

Vanquished Creatures (others)
  A two-headed ogre (D:14)
  A troll (Orc:1)
  A butterfly (D:8)
3 creatures vanquished.

Grand Total: 973 creatures vanquished

Notes
Turn   | Place    | Note
-------+----------+-------------------------------------------
     0 | D:1      | Tauromancer the Coglin Artificer began the quest for the
                  | Orb.
     0 | D:1      | Reached XP level 1. HP: 15/15 MP: 1/1
   248 | D:1      | Reached XP level 2. HP: 7/21 MP: 2/2
   629 | D:1      | Reached XP level 3. HP: 22/26 MP: 3/3
   648 | D:1      | Reached skill level 1 in Maces & Flails
  1775 | D:2      | Identified a scroll of acquirement
  1806 | D:3      | Found an ancient bone altar of Kikubaaqudgha.
  1808 | D:3      | Gained mutation: You are agile. (Dex +4, Str/Int -1)
                  | [potion of mutation]
  1808 | D:3      | Lost mutation: You are agile. (Dex +4, Str/Int -1) [potion
                  | of mutation]
  1809 | D:3      | Gained mutation: You have very sharp teeth. [potion of
                  | mutation]
  1809 | D:3      | Gained mutation: You are somewhat resistant to further
                  | mutation. [potion of mutation]
  1809 | D:3      | Gained mutation: Your flesh is heat resistant. (rF+)
                  | [potion of mutation]
  1811 | D:3      | Found a blossoming altar of Fedhas.
  1891 | D:3      | Reached XP level 4. HP: 33/33 MP: 4/4
  2070 | D:3      | Identified the +1 sling of Nolikops {heavy, Will+}
  2681 | D:3      | Acquired the +0 hat of the Equator {rPois Regen+ Str+6
                  | Dex-3}
  2794 | D:4      | Noticed an ogre
  2798 | D:4      | Killed an ogre
  2799 | D:4      | Reached skill level 5 in Evocations
  2799 | D:4      | Reached XP level 5. HP: 39/39 MP: 5/5
  2860 | D:4      | Noticed Menkaure
  2862 | D:4      | Killed Menkaure
  2863 | D:4      | Reached XP level 6. HP: 38/47 MP: 6/6
  2892 | D:4      | You are sucked into a shaft and drop 1 floor!
  2892 | D:5      | Entered Level 5 of the Dungeon
  3086 | D:5      | Reached skill level 6 in Evocations
  3113 | D:5      | Reached XP level 7. HP: 51/52 MP: 7/7
  3636 | D:4      | Found a sparkling altar of Nemelex Xobeh.
  3636 | D:4      | Found an ornate altar of the Wu Jian Council.
  3636 | D:4      | Found a snail-covered altar of Cheibriados.
  3638 | D:4      | Found a hazy altar of Hepliaklqana.
  3638 | D:4      | Found a shimmering altar of Xom.
  3638 | D:4      | Found an iron altar of Okawaru.
  3644 | D:4      | Found a sacrificial altar of Ru.
  3644 | D:4      | Found a hide-covered altar of Uskayaw.
  3644 | D:4      | Found a shadowy altar of Dithmenos.
  3744 | D:4      | Found an opulent altar of Gozag.
  3750 | D:4      | Became a worshipper of Gozag Ym Sagoz the Greedy
  3864 | D:4      | Found a staircase to the Ecumenical Temple.
  4052 | D:6      | Reached skill level 7 in Evocations
  4052 | D:6      | Reached XP level 8. HP: 44/61 MP: 8/8
  4491 | D:6      | Reached skill level 5 in Fighting
  4520 | D:6      | Reached skill level 5 in Armour
  4706 | D:6      | Reached skill level 8 in Evocations
  5259 | D:7      | Reached XP level 9. HP: 55/68 MP: 9/9
  5474 | D:7      | Reached skill level 5 in Maces & Flails
  5684 | D:7      | Found Piomez's Book Emporium.
  6018 | D:8      | Reached skill level 9 in Evocations
  6179 | D:8      | Reached XP level 10. HP: 37/77 MP: 10/10
  6206 | D:8      | Reached skill level 10 in Evocations
  6231 | D:8      | Noticed a two-headed ogre
  6253 | D:8      | Killed a two-headed ogre
  6407 | D:8      | Noticed Erica
  6424 | D:8      | Killed Erica
  6456 | D:8      | Found a white marble altar of Elyvilon.
  6541 | D:8      | Found a glowing golden altar of the Shining One.
  6609 | D:8      | Found a stormy altar of Qazlal.
  6660 | D:8      | Found a burning altar of Makhleb.
  6865 | D:8      | Found a runed translucent gate.
  6866 | D:8      | Found a runed translucent gate.
  6867 | D:8      | Noticed a spectral unseen horror
  6868 | D:8      | Found a runed translucent gate.
  6887 | D:8      | Noticed zenocrate's ghost (novice DrSh)
  7062 | D:9      | Found Xeneri Yska's Antique Armour Shop.
  7074 | D:9      | Bought a glowing cloak for 172 gold pieces
  7074 | D:9      | Bought a pair of embroidered gloves for 172 gold pieces
  7220 | D:9      | Reached skill level 11 in Evocations
  7266 | D:9      | Found a staircase to the Orcish Mines.
  7540 | D:9      | Reached XP level 11. HP: 67/86 MP: 11/11
  8027 | D:10     | Entered Level 10 of the Dungeon
  8222 | D:10     | Noticed a fire dragon
  8240 | D:10     | Killed a fire dragon
  8292 | D:10     | Acquired a +1 crystal plate armour
  8409 | D:10     | Reached skill level 12 in Evocations
  8437 | D:10     | Acquired a +2 morningstar of draining
  8822 | D:11     | Found a staircase to the Lair.
  8887 | D:11     | Noticed a white ugly thing
  8895 | D:11     | Killed a white ugly thing
  9040 | D:11     | Reached XP level 12. HP: 92/96 MP: 12/12
  9050 | D:11     | Reached skill level 13 in Evocations
  9094 | D:11     | Found a basalt altar of Yredelemnul.
  9094 | D:11     | Identified the +4 mace of Lememib {pain, rC+ Will++ Str+4}
 10081 | D:12     | Reached skill level 10 in Fighting
 10723 | D:13     | Reached skill level 14 in Evocations
 10739 | D:13     | Identified the +11 arbalest "Siq Erau" {elec, Dex+2 Stlth+}
 10760 | D:13     | Found a gate to the Vaults.
 10760 | D:13     | Noticed a vault guard
 10760 | D:13     | Noticed a deep elf knight
 10760 | D:13     | Noticed a vault guard
 10766 | D:13     | Killed a vault guard
 10767 | D:13     | Reached skill level 10 in Armour
 10771 | D:13     | Killed a vault guard
 10771 | D:13     | Killed a deep elf knight
 10778 | D:13     | Reached XP level 13. HP: 91/105 MP: 13/13
 10875 | D:13     | Reached skill level 10 in Maces & Flails
 11157 | D:13     | Found a shimmering blue altar of Sif Muna.
 11266 | D:13     | Found Soramuz's Assorted Antiques.
 11279 | D:13     | Bought the +2 pair of slick slippers {slick, slippery,
                  | EV+4} for 729 gold pieces
 11279 | D:13     | Found the +2 pair of slick slippers {slick, slippery, EV+4}
 11279 | D:13     | Bought a potion of heal wounds for 135 gold pieces
 11377 | D:13     | Reached skill level 15 in Evocations
 11753 | D:14     | Noticed Frances
 11761 | D:14     | Noticed a stone giant
 11871 | D:13     | Killed a stone giant
 11935 | D:14     | Killed Frances
 11955 | D:14     | Reached XP level 14. HP: 48/115 MP: 14/14
 12137 | D:14     | Reached skill level 16 in Evocations
 12185 | D:14     | Identified the +0 ring mail of Understanding {Int+2}
 12506 | D:14     | Found Lennemy's Antique Armour Boutique.
 13017 | D:15     | Entered Level 15 of the Dungeon
 13355 | D:15     | Found a staircase to the Depths.
 13647 | D:15     | Identified the +6 chain mail of the World {rF+}
 14422 | D:8      | Reached skill level 17 in Evocations
 14431 | D:8      | Killed zenocrate's ghost
 14511 | Orc:1    | Entered Level 1 of the Orcish Mines
 14522 | D:9      | Bought a pair of runed gloves for 210 gold pieces
 14551 | Orc:1    | Noticed an orc warlord
 14587 | Orc:1    | Killed an orc warlord
 14676 | Orc:1    | Noticed an orc warlord
 14693 | Orc:1    | Reached XP level 15. HP: 99/124 MP: 15/15
 14699 | Orc:1    | Killed an orc warlord
 14762 | Orc:1    | Found a roughly hewn altar of Beogh.
 14838 | Orc:1    | Noticed an orc warlord
 14889 | Orc:1    | Killed an orc warlord
 15434 | Orc:2    | Entered Level 2 of the Orcish Mines
 15493 | Orc:2    | Found Xaroufes's General Store.
 15495 | Orc:2    | Found Yvyday's Specific Store.
 15499 | Orc:2    | Bought a wand of iceblast (4) for 115 gold pieces
 15508 | Orc:2    | Found a staircase to the Elven Halls.
 15592 | Orc:2    | Noticed Rupert
 15604 | Orc:2    | Killed Rupert
 15868 | Orc:2    | Found Ceged's Assorted Antiques.
 16252 | Orc:2    | Bought a condenser vane for 1360 gold pieces
 16252 | Orc:2    | Bought a scroll of enchant armour for 255 gold pieces
 16300 | Orc:2    | Noticed Maurice
 16391 | Orc:2    | Something stole a condenser vane
 16395 | Orc:2    | Killed Maurice
 16701 | Orc:2    | Found Koubeva's Book Boutique.
 16704 | Orc:2    | Found Emioveloamy's Magic Scroll Boutique.
 16705 | Orc:2    | Found Ynumum's Distillery.
 16706 | Orc:2    | Found Jarphuryu's Jewellery Shop.
 16709 | Orc:2    | Bought a potion of curing for 45 gold pieces
 16709 | Orc:2    | Bought a potion of curing for 45 gold pieces
 16709 | Orc:2    | Bought a potion of heal wounds for 75 gold pieces
 16709 | Orc:2    | Bought a potion of curing for 45 gold pieces
 16710 | Orc:2    | Bought a scroll of enchant armour for 105 gold pieces
 16923 | Lair:1   | Entered Level 1 of the Lair of Beasts
 16975 | Lair:1   | Noticed Nergalle
 16990 | Lair:1   | Killed Nergalle
 17010 | Lair:1   | Noticed Harold
 17017 | Lair:1   | Killed Harold
 17018 | Lair:1   | Reached skill level 18 in Evocations
 17266 | Lair:1   | Noticed Jeremiah
 17283 | Lair:1   | Killed Jeremiah
 18296 | Lair:2   | Found a staircase to the Snake Pit.
 18910 | Lair:3   | Found a staircase to the Shoals.
 18933 | Lair:3   | Reached XP level 16. HP: 104/134 MP: 16/16
 19101 | Lair:3   | Noticed Sonja
 19135 | Lair:3   | Killed Sonja
 20294 | Lair:4   | You fall into a shaft and drop 1 floor!
 20294 | Lair:5   | Entered Level 5 of the Lair of Beasts
 20382 | Lair:5   | Reached skill level 15 in Fighting
 20955 | Lair:5   | Found a staircase to the Slime Pits.
 21747 | Lair:5   | Paralysed by a hornet for 2 turns
 21885 | Lair:5   | Paralysed by a hornet for 1 turns
 21898 | Lair:5   | Reached XP level 17. HP: 126/144 MP: 17/17
 22349 | Lair:4   | Upgraded the game from 0.32-a0-599-gba8f9cf90e to
                  | 0.32-a0-616-g9348d4545b
 22409 | Shoals:1 | Entered Level 1 of the Shoals
 22409 | Shoals:1 | Found Komon's Armour Boutique.
 22581 | Shoals:1 | Reached skill level 15 in Armour
 23148 | Shoals:1 | Found Atuish's Antique Weapon Emporium.
 23222 | Shoals:1 | Found Liys's Magic Scroll Boutique.
 23247 | Shoals:1 | Reached skill level 1 in Dodging
 23263 | Shoals:1 | HP: 7/145 [merfolk impaler/+0 trident (13)]
 25217 | Shoals:3 | Found Quken's Gadget Gallery.
 25225 | Shoals:3 | Bought a wand of flame (4) for 39 gold pieces
 25225 | Shoals:3 | Bought a wand of acid (2) for 117 gold pieces
 25225 | Shoals:3 | Bought a wand of polymorph (5) for 98 gold pieces
 25225 | Shoals:3 | Bought a wand of iceblast (4) for 134 gold pieces
 25729 | Shoals:4 | Entered Level 4 of the Shoals
 25785 | Shoals:4 | Identified the +1 eveningstar of Pride {protect, Str+3}
 25850 | Shoals:4 | Found a glacial archway.
 25903 | IceCv    | Entered an ice cave
 26461 | IceCv    | Noticed a shard shrike
 26494 | IceCv    | Killed a shard shrike
 26705 | Shoals:4 | Reached XP level 18. HP: 129/154 MP: 18/18
 26712 | Shoals:4 | Killed from afar by a merfolk aquamancer

Illustrated notes

Levels and vault maps discovered:
D:1:      shiori_arrival_maze, layout_basic, amethyst_killhole
D:2:      layout_loops_ring, dk_noncrumbling_3
D:3:      layout_basic, grunt_temple_overflow_growth_and_decay,
          minmay_misc_feat_rows
D:4:      layout_cave_pools, mainiacjoe_overflow_six_doors_small,
          nicolae_overflows_in_rows, minmay_temple_entry_junction_2,
          uniq_menkaure
D:5:      layout_basic
D:6:      layout_basic
D:7:      layout_loops_ring, serial_shops, kennysheep_mini,
          kennysheep_decorative_pillar
D:8:      cheibrodos_ideogram_h, layout_layer_cave,
          nicolae_elyvilon_peaceful_grove, amcnicky_altar_gilded,
          mainiacjoe_overflow_concentric_impassable, general_overflow_altar,
          gammafunk_ghost_necromancy, uniq_erica
D:9:      layout_cave_pods, david_orc_3, serial_shops,
          nicolae_shop_overgrown_old_shop
D:10:     dragon1_lemuel, layout_basic, fountainhead
D:11:     layout_stronghold, minmay_lair_entry_grove, serial_rivers,
          chequers_serial_rivers_room_a, chequers_serial_rivers_room_b,
          chequers_serial_rivers_micro_c, chequers_serial_rivers_micro_e,
          chequers_serial_rivers_small_3, roadster_capsule_ark_zombie
D:12:     layout_long_grid
D:13:     layout_loops_ring, grunt_vaults_entry_tiered, special_room
          [special_room_bee], serial_shops, nicolae_shop_window_shopping,
          hellmonk_sif_muna_bookshelves
D:14:     cheibrodos_monumental, layout_basic, minmay_strange_pillars,
          serial_shops, shop, uniq_frances
D:15:     gammafunk_depths_entry_grave, layout_long_grid,
          statue_in_the_mist_lemuel, chequers_decorated_corner
Lair:1:   layout_cave_pods, grunt_megastairs_2, uniq_jeremiah, uniq_harold,
          uniq_nergalle
Lair:2:   layout_long_grid, minmay_snake_entry_six_corridors
Lair:3:   layout_loops_ring, elwin_shoals_entry_stream, uniq_sonja
Lair:4:   layout_roguey [special_room_mythical_zoo], dreamdust_gnoll_shepherd,
          serial_bayou_shore_b, lemuel_fruit_fields
Lair:5:   wormcave, layout_regular_city, hangedman_lair_tendril_chambers,
          slime_entry_1, minivault_19, serial_bayou_shore_a,
          serial_bayou_shore_b
Shoals:1: layout_shoals, serial_shops, shop, nicolae_shop_tiny_statue_garden,
          shop, nicolae_shoals_circle_sea_wall,
          nicolae_shoals_nymph_descending_staircase
Shoals:2: layout_shoals
Shoals:3: layout_shoals, nicolae_shop_gadgets
Shoals:4: shoals_end_simple, layout_shoals, shoals_ilsuiw_alternative,
          portal_ice_cave_entry_pillars_2, nicolae_shop_firing_range,
          uniq_roxanne, uniq_mara
Orc:1:    layout_caves, basic_altar, nicolae_orc_crystal_seam,
          einodemon_barbed_minivault
Orc:2:    st_orc_pillars, layout_diamond_mine, serial_shops, shop,
          nicolae_specific_store, uniq_maurice, uniq_rupert

Skill      XL: |  1  2  3  4  5  6  7  8  9 10 11 12 13 14 15 16 17 |
---------------+----------------------------------------------------+-----
Armour         | 2 3 4 5 6 7 8 10 11 12 13 14 15 | 15.8
Maces & Flails | 1 2 3 4 6 7 8 9 11 12 13 14 | 14.7
Fighting       | 2 3 4 5 6 8 9 10 12 13 14 16 17 | 17.0
Evocations     | 5 6 7 8 9 11 12 14 15 17 18 | 18.1
Dodging        | 4 |  4.9
Axes           | |  0.6
Stealth        | |  0.7

Action                     |  1- 3 |  4- 6 |  7- 9 | 10-12 | 13-15 | 16-18 || total
---------------------------+-------+-------+-------+-------+-------+-------++-------
  Melee: Dagger            |    92 |    35 |       |       |       |       ||   127
         Club              |    85 |    26 |       |       |       |       ||   111
         Bite              |     2 |     7 |    43 |    70 |   160 |   193 ||   475
         Flail             |       |    21 |   449 |   434 |       |       ||   904
         Morningstar       |       |       |       |   271 |   979 |   759 ||  2009
         Mace              |       |       |       |   162 |   911 |   903 ||  1976
         Eveningstar       |       |       |       |       |       |   198 ||   198
 Invoke: Call Merchant     |       |       |       |       |     1 |       ||     1
  Evoke: Wand              |     3 |     7 |     2 |    12 |    15 |     8 ||    47
    Use: Scroll            |    10 |     4 |    10 |     8 |     9 |     5 ||    46
         Potion            |     2 |       |     5 |     6 |     4 |     1 ||    18
   Stab: Sleeping          |     5 |       |       |       |       |       ||     5
         Distracted        |       |       |     2 |     1 |     5 |     5 ||    13
 Armour: Leather armour    |    48 |       |       |       |       |       ||    48
         Ring mail         |    29 |     9 |       |       |       |       ||    38
         Plate armour      |       |    19 |   476 |   255 |       |       ||   750
         Crystal plate arm |       |       |       |   473 |   972 |   986 ||  2431
         Skin              |       |       |       |       |    14 |       ||    14
  Dodge: Dodged            |    47 |    17 |   138 |   158 |   402 |   373 ||  1135

Table legend: (Time is in decaauts)
 A = Elapsed time spent in this place.
 B = Non-inter-level travel time spent in this place.
 C = Inter-level travel time spent in this place.
 D = Time resting spent in this place.
 E = Time spent auto-exploring this place.
 F = Levels seen in this place.
 G = Mean time per level.
                   A        B        C        D        E       F      G
               +--------+--------+--------+--------+--------+-----+--------+
         Total |  26541 |  24673 |   1868 |   1294 |  17247 |  27 |  983.0 |
       Dungeon |  14721 |  13423 |   1298 |    610 |   9480 |  15 |  981.4 |
          Lair |   5491 |   5207 |    284 |     79 |   4035 |   5 | 1098.2 |
        Shoals |   3353 |   3213 |    140 |    345 |   2170 |   4 |  838.2 |
  Orcish Mines |   2248 |   2104 |    144 |    163 |   1277 |   2 | 1124.0 |
      Ice Cave |    727 |    727 |      0 |     97 |    284 |   1 |  727.0 |
               +--------+--------+--------+--------+--------+-----+--------+

Top non-repeatable levels by time:
  Lair:5: 1632 daAuts
    D:14: 1539 daAuts
    D:13: 1433 daAuts
   Orc:2: 1348 daAuts
Shoals:1: 1322 daAuts
     D:8: 1189 daAuts
     D:6: 1144 daAuts
     D:1: 1136 daAuts
Shoals:3: 1123 daAuts
     D:9: 1083 daAuts
  Lair:4: 1081 daAuts
    D:11: 1054 daAuts
  Lair:2: 964 daAuts
     D:3: 940 daAuts
  Lair:1: 907 daAuts
